SAN JOSE Sharks vs CHICAGO Blackhawks

Created - 16 décembre 2018 at 17:29

Goals
1 2 3 T
SAN JOSE Sharks 0 1 2 3
CHICAGO Blackhawks 1 0 1 2
Shots
1 2 3 T
SAN JOSE Sharks 8 7 11 26
CHICAGO Blackhawks 6 22 9 37

1st period

1. CHICAGO Blackhawks , Will Butcher 1 (Kyle Palmieri 13, William Nylander 15) at 5:55

Penalties :
Devin Shore (SJS) for Tripping (Minor) at 17:23

2nd period

2. SAN JOSE Sharks , Brayden McNabb 5 (Nick Schmaltz 13, Marcus Foligno 6) at 12:38 (PP)

Penalties :
Will Butcher (CHI) for Roughing (Minor) at 12:09, Brian Dumoulin (CHI) for Hooking (Minor) at 14:27, John Mitchell (SJS) for Interference (Minor) at 16:06, Devin Shore (SJS) for Hooking (Minor) at 18:36

3rd period

3. SAN JOSE Sharks , Chris Tierney 9 (Josh Gorges 3, Sven Baertschi 7) at 10:43
4. SAN JOSE Sharks , Brayden McNabb 6 (Nick Schmaltz 14, Kyle Connor 10) at 10:57
5. CHICAGO Blackhawks , Josh Manson 3 (Kyle Palmieri 14, Eric Staal 17) at 11:15

Penalties :
Tom Wilson (CHI) for Roughing (Minor) at 3:54, Josh Manson (CHI) for Tripping (Minor) at 15:47

Goalie Stats

Jaroslav Halak (SJS), 35 saves from 37 shots - (0,946), W, 14-8-1, 60:00 minutes
Corey Crawford (CHI), 23 saves from 26 shots - (0,885), L, 10-15-1, 59:00 minutes

Players Stats for SAN JOSE Sharks

Player Name              G  A  P  +/- PIM S  H  SB GA TA FO     MP     PP MP  PK MP  
------------------------------------------------------------------------------------
Brayden McNabb           2  0  2   1  0   2  3  3  0  0  0/0    22:34   3:10   3:14 
Chris Thorburn           0  0  0   0  0   0  0  0  0  0  0/1     7:01   0:05   1:01 
Chris Tierney            1  0  1   0  0   4  1  0  0  0  12/22  18:26   3:30   0:51 
Devin Shore              0  0  0  -1  4   2  1  0  0  0  8/17   12:21   0:00   0:00 
Johan Franzen            0  0  0   0  0   0  0  0  0  0  0/0    15:49   0:26   1:18 
John Mitchell            0  0  0   0  2   2  1  0  0  0  5/10   12:16   3:03   3:18 
Josh Anderson            0  0  0   1  0   3  0  0  0  0  4/11   22:36   2:36   4:06 
Josh Gorges              0  1  1   1  0   1  0  1  0  0  0/0    17:41   0:00   0:00 
Kyle Connor              0  1  1   1  0   1  1  1  0  0  0/0    18:29   3:25   0:00 
Lauri Korpikoski         0  0  0  -1  0   0  2  1  0  0  0/0    12:23   0:00   0:00 
Marcus Foligno           0  1  1   0  0   0  3  0  0  0  0/1     9:01   2:36   0:00 
Mason Raymond            0  0  0  -1  0   1  1  1  0  0  1/1    13:03   0:00   0:40 
Matt Tennyson            0  0  0   1  0   0  1  2  0  0  0/0    17:54   0:29   3:14 
Mike Matheson            0  0  0  -2  0   1  0  2  0  0  0/0    19:36   2:56   2:23 
Nick Schmaltz            0  2  2   1  0   3  0  0  0  0  13/25  18:30   2:36   0:00 
Oliver Kylington         0  0  0  -2  0   0  1  0  0  0  0/0    19:36   2:56   2:23 
Radko Gudas              0  0  0   1  0   3  0  4  0  0  0/0    22:39   2:41   0:00 
Sven Baertschi           0  1  1   0  0   3  1  0  0  0  0/1    14:05   0:00   0:00 

Players Stats for CHICAGO Blackhawks

Player Name              G  A  P  +/- PIM S  H  SB GA TA FO     MP     PP MP  PK MP  
------------------------------------------------------------------------------------
Aaron Ekblad             0  0  0   0  0   3  1  1  0  0  0/0    23:38   3:21   3:38 
Alexander Burmistrov     0  0  0   0  0   0  0  0  0  0  3/7     8:32   0:00   0:55 
Brad Richardson          0  0  0   0  0   0  1  0  0  0  0/1     9:47   0:00   1:49 
Brent Seabrook           0  0  0  -1  0   1  0  0  0  0  0/0    24:25   1:59   3:40 
Brian Dumoulin           0  0  0   1  2   0  4  0  0  0  0/0    15:45   0:17   2:17 
Devante Smith-Pelly      0  0  0   0  0   1  1  0  0  0  0/0     7:37   0:00   0:00 
Eric Staal               0  1  1   1  0   6  0  1  0  0  1/1    17:40   3:13   1:16 
Jonathan Toews           0  0  0  -1  0   5  4  0  0  0  2/2    22:24   3:13   0:00 
Josh Manson              1  0  1   0  2   1  4  0  0  0  0/0    18:25   0:00   2:07 
Kevin Hayes              0  0  0   0  0   1  0  0  0  0  12/17  14:59   2:24   4:17 
Kevin Shattenkirk        0  0  0  -1  0   0  1  2  0  0  0/0    22:34   3:38   0:30 
Kyle Palmieri            0  2  2   1  0   4  1  0  0  0  4/7    19:47   2:24   3:50 
Nick Shore               0  0  0   0  0   1  0  0  0  0  0/0     7:37   0:00   0:00 
Patrick Kane             0  0  0  -1  0   7  0  0  0  0  12/30  22:24   3:13   0:00 
Teuvo Teravainen         0  0  0  -1  0   1  3  0  0  0  1/3    21:13   2:24   0:00 
Tom Wilson               0  0  0   0  2   0  2  1  0  0  0/0     8:02   0:00   0:05 
Will Butcher             1  0  1   1  2   3  0  2  0  0  0/0    15:10   1:59   0:00 
William Nylander         0  1  1   1  0   3  0  0  0  0  11/21  13:31   0:00   0:00 

3 Stars

1 - Brayden McNabb (SJS)
2 - Jaroslav Halak (SJS)
3 - Nick Schmaltz (SJS)

Power Play

SAN JOSE Sharks - 1 on 4 Attempt(s) - 25,00%
CHICAGO Blackhawks - 0 on 3 Attempt(s) - 0,00%

Penalty Kill

SAN JOSE Sharks - 3 on 3 Attempt(s) - 100,00% - Score 0 goal in Penalty Kill
CHICAGO Blackhawks - 3 on 4 Attempt(s) - 75,00% - Score 0 goal in Penalty Kill

Team Stat

SAN JOSE Sharks - Hits : 16 - Faceoff Wins : 43 - Blocked Shots : 15 - Penalty Minutes : 6
CHICAGO Blackhawks - Hits : 22 - Faceoff Wins : 46 - Blocked Shots : 7 - Penalty Minutes : 8

Official

Referees : Unknown
Linesman : Unknown

Game Notes

No Game Note

Finance

Level 1 -- Attendance: 4619 (76,98%) -- Ticket Income 461 900 $
Level 2 -- Attendance: 3938 (78,76%) -- Ticket Income 236 280 $
Level 3 -- Attendance: 2000 (100,00%) -- Ticket Income 70 000 $
Level 4 -- Attendance: 4000 (100,00%) -- Ticket Income 80 000 $
Luxury Box -- Attendance: 838 (83,80%) -- Ticket Income 167 600 $
Game was played at the United Center.
Total Attendance: 15395 (85,53%)
Total Ticket Income: 1 015 780 $
Other Income: 396 154 $
Total Income: 1 411 934 $

SAN JOSE Sharks

5 vs 5 Forward 
   Center                   Left Wing                Right Wing               Time % Phy DF OF 
 1 Nick Schmaltz            Kyle Connor              Josh Anderson            32     1   0  4  
 2 Chris Tierney            Sven Baertschi           Johan Franzen            28     1   3  1  
 3 Devin Shore              Mason Raymond            Lauri Korpikoski         25     0   5  0  
 4 John Mitchell            Marcus Foligno           Chris Thorburn           15     5   0  0  

5 vs 5 Defense 
   Defense                  Defense                                           Time % Phy DF OF 
 1 Josh Gorges              Radko Gudas                                       35     3   1  1  
 2 Mike Matheson            Oliver Kylington                                  30     0   1  4  
 3 Brayden McNabb           Matt Tennyson                                     25     1   2  2  
 4 Brayden McNabb           Radko Gudas                                       10     5   0  0  

PowerPlay Forward 
   Center                   Left Wing                Right Wing               Time % Phy DF OF 
 1 Nick Schmaltz            Josh Anderson            Marcus Foligno           52     0   0  5  
 2 Chris Tierney            Kyle Connor              John Mitchell            48     0   0  5  

PowerPlay Defense
   Defense                  Defense                                           Time % Phy DF OF 
 1 Brayden McNabb           Radko Gudas                                       54     0   0  5  
 2 Mike Matheson            Oliver Kylington                                  46     0   0  5  

Penalty Kill 4 Players Forward 
   Center                   Wing                     Time % Phy DF OF 
 1 Josh Anderson            John Mitchell            60     0   5  0  
 2 Chris Tierney            Mason Raymond            40     0   5  0  

Penalty Kill 4 Players Defense
   Defense                  Defense                  Time % Phy DF OF 
 1 Brayden McNabb           Matt Tennyson            60     0   5  0  
 2 Mike Matheson            Oliver Kylington         40     0   5  0  

Penalty Kill - 3 Players Forward 
   Forward                                           Time % Phy DF OF 
 1 Josh Anderson                                     60     1   2  2  
 2 Nick Schmaltz                                     40     1   2  2  

Penalty Kill - 3 Players Defense
   Defense                  Defense                  Time % Phy DF OF 
 1 Brayden McNabb           Radko Gudas              60     1   2  2  
 2 Mike Matheson            Oliver Kylington         40     1   2  2  

4 vs 4 Forward 
   Center                   Wing                     Time % Phy DF OF 
 1 Josh Anderson            Nick Schmaltz            60     1   2  2  
 2 Chris Tierney            Marcus Foligno           40     1   2  2  

4 vs 4 Defense
   Defense                  Defense                  Time % Phy DF OF 
 1 Brayden McNabb           Radko Gudas              60     1   2  2  
 2 Mike Matheson            Oliver Kylington         40     1   2  2  

Last Minutes Offensive
   Center                   Left Wing                Right Wing               Defense                  Defense                  
   Nick Schmaltz            Josh Anderson            Marcus Foligno           Brayden McNabb           Radko Gudas              

Last Minutes Defensive
   Center                   Left Wing                Right Wing               Defense                  Defense                  
   Nick Schmaltz            Josh Anderson            Marcus Foligno           Brayden McNabb           Radko Gudas              

Goaltenders
Starting : Jaroslav Halak           
Backup : Reto Berra               

Extra Forwards
Normal : Chris Thorburn, Johan Franzen, Josh Anderson - PP : Chris Thorburn, Johan Franzen - PK : Johan Franzen
Extra Defensemen
Normal : Oliver Kylington, Matt Tennyson, Mike Matheson - PP : Oliver Kylington - PK : Matt Tennyson, Mike Matheson
Penalty Shots
Josh Anderson, Nick Schmaltz, Chris Tierney, Marcus Foligno, Sven Baertschi

CHICAGO Blackhawks

5 vs 5 Forward 
   Center                   Left Wing                Right Wing               Time % Phy DF OF 
 1 Patrick Kane             Teuvo Teravainen         Jonathan Toews           43     0   1  4  
 2 William Nylander         Eric Staal               Kyle Palmieri            30     0   1  4  
 3 Kevin Hayes              Brad Richardson          Tom Wilson               20     1   3  1  
 4 Alexander Burmistrov     Nick Shore               Devante Smith-Pelly      7      2   3  0  

5 vs 5 Defense 
   Defense                  Defense                                           Time % Phy DF OF 
 1 Brent Seabrook           Kevin Shattenkirk                                 42     0   2  3  
 2 Aaron Ekblad             Josh Manson                                       30     1   3  1  
 3 Brian Dumoulin           Will Butcher                                      20     1   4  0  
 4 Brent Seabrook           Kevin Shattenkirk                                 8      0   2  3  

PowerPlay Forward 
   Center                   Left Wing                Right Wing               Time % Phy DF OF 
 1 Patrick Kane             Eric Staal               Jonathan Toews           70     0   0  5  
 2 Kevin Hayes              Teuvo Teravainen         Kyle Palmieri            30     0   1  4  

PowerPlay Defense
   Defense                  Defense                                           Time % Phy DF OF 
 1 Aaron Ekblad             Kevin Shattenkirk                                 60     0   1  4  
 2 Will Butcher             Brent Seabrook                                    40     0   2  3  

Penalty Kill 4 Players Forward 
   Center                   Wing                     Time % Phy DF OF 
 1 Kyle Palmieri            Kevin Hayes              60     0   5  0  
 2 Eric Staal               Brad Richardson          40     1   4  0  

Penalty Kill 4 Players Defense
   Defense                  Defense                  Time % Phy DF OF 
 1 Josh Manson              Brent Seabrook           60     0   5  0  
 2 Aaron Ekblad             Brian Dumoulin           40     0   5  0  

Penalty Kill - 3 Players Forward 
   Forward                                           Time % Phy DF OF 
 1 Eric Staal                                        60     0   5  0  
 2 Kyle Palmieri                                     40     0   5  0  

Penalty Kill - 3 Players Defense
   Defense                  Defense                  Time % Phy DF OF 
 1 Josh Manson              Brent Seabrook           60     0   5  0  
 2 Aaron Ekblad             Brian Dumoulin           40     0   5  0  

4 vs 4 Forward 
   Center                   Wing                     Time % Phy DF OF 
 1 Kevin Hayes              William Nylander         60     0   2  3  
 2 Eric Staal               Kyle Palmieri            40     0   2  3  

4 vs 4 Defense
   Defense                  Defense                  Time % Phy DF OF 
 1 Aaron Ekblad             Brian Dumoulin           60     1   2  2  
 2 Brent Seabrook           Kevin Shattenkirk        40     1   2  2  

Last Minutes Offensive
   Center                   Left Wing                Right Wing               Defense                  Defense                  
   Patrick Kane             Kyle Palmieri            Jonathan Toews           Brent Seabrook           Kevin Shattenkirk        

Last Minutes Defensive
   Center                   Left Wing                Right Wing               Defense                  Defense                  
   Patrick Kane             Kyle Palmieri            Jonathan Toews           Brent Seabrook           Kevin Shattenkirk        

Goaltenders
Starting : Corey Crawford           
Backup : Dustin Tokarski          

Extra Forwards
Normal : Kevin Hayes, Eric Staal, Tom Wilson - PP : Kevin Hayes, William Nylander - PK : Tom Wilson
Extra Defensemen
Normal : Brian Dumoulin, Josh Manson, Aaron Ekblad - PP : Brian Dumoulin - PK : Brian Dumoulin, Aaron Ekblad
Penalty Shots
Eric Staal, Tom Wilson, Kyle Palmieri, William Nylander, Kevin Hayes


% Time on Ice - SAN JOSE Sharks

Lines # - Real PCT - Wanted PCT - Time Play
Normal Forward
1 - 32% - 32% - 15:04
2 - 30% - 28% - 14:05
3 - 26% - 25% - 12:23
4 - 12% - 15% - 5:55
Normal Defense
1 - 36% - 35% - 17:06
2 - 29% - 30% - 13:47
3 - 30% - 25% - 14:02
4 - 5% - 10% - 2:32
PP Forward
1 - 43% - 52% - 2:36
2 - 57% - 48% - 3:30
PP Defense
1 - 52% - 54% - 3:10
2 - 48% - 46% - 2:56
PK Forward
1 - 88% - 60% - 4:57
2 - 12% - 40% - 0:40
PK Defense
1 - 58% - 60% - 3:14
2 - 42% - 40% - 2:23
PK3 Forward
1 - 0% - 60%
2 - 0% - 40%
PK3 Defense
1 - 0% - 60%
2 - 0% - 40%
44 Forward
1 - 100% - 60% - 0:20
2 - 0% - 40% - 0:00
44 Defense
1 - 100% - 60% - 0:20
2 - 0% - 40% - 0:00
Last Minute Offensive  - 0:00
Last Minute Defensive  - 0:30
Total
Forward - 60:00
Defense - 60:00

% Time on Ice - CHICAGO Blackhawks

Lines # - Real PCT - Wanted PCT - Time Play
Normal Forward
1 - 40% - 43% - 18:49
2 - 28% - 30% - 13:11
3 - 17% - 20% - 7:58
4 - 16% - 7% - 7:37
Normal Defense
1 - 36% - 42% - 17:11
2 - 34% - 30% - 16:19
3 - 28% - 20% - 13:12
4 - 2% - 8% - 0:53
PP Forward
1 - 57% - 70% - 3:13
2 - 43% - 30% - 2:24
PP Defense
1 - 65% - 60% - 3:38
2 - 35% - 40% - 1:59
PK Forward
1 - 79% - 60% - 4:50
2 - 21% - 40% - 1:16
PK Defense
1 - 49% - 60% - 2:58
2 - 51% - 40% - 3:08
PK3 Forward
1 - 0% - 60%
2 - 0% - 40%
PK3 Defense
1 - 0% - 60%
2 - 0% - 40%
44 Forward
1 - 100% - 60% - 0:20
2 - 0% - 40% - 0:00
44 Defense
1 - 100% - 60% - 0:20
2 - 0% - 40% - 0:00
Last Minute Offensive  - 0:22
Last Minute Defensive  - 0:00
Total
Forward - 60:00
Defense - 60:00

Play by Play

1st period


0:01 of 1st period - Patrick Kane wins face-off versus Nick Schmaltz in neutral zone.
0:03 of 1st period - Off-side.
0:04 of 1st period - Chris Tierney wins face-off versus William Nylander in neutral zone.
0:07 of 1st period - Eric Staal is hit by Chris Tierney and loses puck.
0:40 of 1st period - Icing by Aaron Ekblad.
0:41 of 1st period - William Nylander wins face-off versus Devin Shore in CHICAGO Blackhawks zone.
0:41 of 1st period - William Nylander is hit by Mason Raymond.
0:49 of 1st period - Shot by Eric Staal.
0:49 of 1st period - Shot Blocked by Mason Raymond.
1:11 of 1st period - Shot by Josh Gorges.
1:11 of 1st period - Shot Misses the Net.
1:13 of 1st period - Shot by Devin Shore.
1:13 of 1st period - Stopped by Corey Crawford with a rebound.
1:15 of 1st period - Shot by Radko Gudas.
1:15 of 1st period - Shot Misses the Net.
1:17 of 1st period - Shot by Devin Shore.
1:17 of 1st period - Stopped by Corey Crawford with a rebound.
1:57 of 1st period - Nick Schmaltz is hit by Brian Dumoulin.
2:05 of 1st period - Icing by Kyle Connor.
2:06 of 1st period - Nick Schmaltz wins face-off versus Alexander Burmistrov in SAN JOSE Sharks zone.
2:21 of 1st period - Icing by Brian Dumoulin.
2:22 of 1st period - John Mitchell wins face-off versus Alexander Burmistrov in CHICAGO Blackhawks zone.
3:44 of 1st period - Icing by Jonathan Toews.
3:45 of 1st period - Patrick Kane wins face-off versus Devin Shore in CHICAGO Blackhawks zone.
4:03 of 1st period - Icing by Kevin Shattenkirk.
4:04 of 1st period - Jonathan Toews wins face-off versus Nick Schmaltz in CHICAGO Blackhawks zone.
4:13 of 1st period - Shot by Patrick Kane.
4:13 of 1st period - Shot Blocked by Josh Gorges.
4:15 of 1st period - Shot by Jonathan Toews.
4:15 of 1st period - Shot Misses the Net.
5:10 of 1st period - Shot by Brad Richardson.
5:10 of 1st period - Deflect By Tom Wilson.
5:10 of 1st period - Shot Blocked by Kyle Connor.
5:12 of 1st period - Shot by Josh Manson.
5:12 of 1st period - Shot Blocked by Radko Gudas.
5:14 of 1st period - Shot by Kevin Hayes.
5:14 of 1st period - Stopped by Jaroslav Halak without a rebound.
5:15 of 1st period - Devin Shore wins face-off versus William Nylander in SAN JOSE Sharks zone.
5:15 of 1st period - Devin Shore is hit by Kyle Palmieri.
5:39 of 1st period - Shot by Eric Staal.
5:39 of 1st period - Deflect By Kyle Palmieri.
5:39 of 1st period - Shot Misses the Net.
5:41 of 1st period - Shot by Kyle Palmieri.
5:41 of 1st period - Shot Misses the Net.
5:43 of 1st period - Shot by Brian Dumoulin.
5:43 of 1st period - Shot Blocked by Mike Matheson.
5:51 of 1st period - Shot by Eric Staal.
5:51 of 1st period - Deflect By William Nylander.
5:51 of 1st period - Stopped by Jaroslav Halak with a rebound.
5:55 of 1st period - Shot by Will Butcher.
5:55 of 1st period - Goal by Will Butcher - SAN JOSE Sharks : 0 - CHICAGO Blackhawks : 1.
5:56 of 1st period - Chris Tierney wins face-off versus Brad Richardson in neutral zone.
6:07 of 1st period - Shot by Sven Baertschi.
6:07 of 1st period - Stopped by Corey Crawford without a rebound.
6:08 of 1st period - Patrick Kane wins face-off versus John Mitchell in CHICAGO Blackhawks zone.
6:08 of 1st period - Jonathan Toews is hit by Marcus Foligno and loses puck.
6:26 of 1st period - Teuvo Teravainen is hit by Matt Tennyson and loses puck.
6:37 of 1st period - Shot by Marcus Foligno.
6:37 of 1st period - Shot Blocked by Kevin Shattenkirk.
7:35 of 1st period - Off-side.
7:36 of 1st period - Nick Schmaltz wins face-off versus Kevin Hayes in neutral zone.
7:36 of 1st period - Nick Schmaltz is hit by Tom Wilson.
8:39 of 1st period - Off-side.
8:40 of 1st period - Devin Shore wins face-off versus Patrick Kane in neutral zone.
9:06 of 1st period - Devin Shore is hit by Josh Manson and loses puck.
9:14 of 1st period - Devin Shore is hit by Josh Manson and loses puck.
9:57 of 1st period - Off-side.
9:58 of 1st period - Kevin Hayes wins face-off versus John Mitchell in neutral zone.
10:01 of 1st period - Shot by Brian Dumoulin.
10:01 of 1st period - Shot Misses the Net.
10:04 of 1st period - Icing by Mike Matheson.
10:05 of 1st period - Kevin Hayes wins face-off versus John Mitchell in SAN JOSE Sharks zone.
10:14 of 1st period - Brad Richardson is hit by Marcus Foligno and loses puck.
11:05 of 1st period - Shot by Nick Schmaltz.
11:05 of 1st period - Stopped by Corey Crawford without a rebound.
11:06 of 1st period - Devin Shore wins face-off versus Patrick Kane in CHICAGO Blackhawks zone.
12:01 of 1st period - Brian Dumoulin is hit by Sven Baertschi and loses puck.
12:09 of 1st period - Icing by Brian Dumoulin.
12:10 of 1st period - William Nylander wins face-off versus Nick Schmaltz in CHICAGO Blackhawks zone.
12:23 of 1st period - Shot by Josh Anderson.
12:23 of 1st period - Shot Misses the Net.
12:25 of 1st period - Shot by Mike Matheson.
12:25 of 1st period - Shot Blocked by Will Butcher.
12:42 of 1st period - Icing by Mike Matheson.
12:43 of 1st period - Kevin Hayes wins face-off versus Josh Anderson in SAN JOSE Sharks zone.
12:56 of 1st period - Shot by Josh Anderson.
12:56 of 1st period - Stopped by Corey Crawford without a rebound.
12:57 of 1st period - Patrick Kane wins face-off versus Chris Tierney in CHICAGO Blackhawks zone.
14:02 of 1st period - Shot by William Nylander.
14:02 of 1st period - Stopped by Jaroslav Halak without a rebound.
14:03 of 1st period - Mason Raymond wins face-off versus Kevin Hayes in SAN JOSE Sharks zone.
14:37 of 1st period - Shot by Lauri Korpikoski.
14:37 of 1st period - Shot Misses the Net.
15:07 of 1st period - Shot by Kyle Connor.
15:07 of 1st period - Deflect By Nick Schmaltz.
15:07 of 1st period - Shot Misses the Net.
15:09 of 1st period - Shot by Nick Schmaltz.
15:09 of 1st period - Stopped by Corey Crawford without a rebound.
15:10 of 1st period - John Mitchell wins face-off versus William Nylander in CHICAGO Blackhawks zone.
16:02 of 1st period - Off-side.
16:03 of 1st period - Patrick Kane wins face-off versus Chris Tierney in neutral zone.
16:15 of 1st period - Icing by Chris Tierney.
16:16 of 1st period - Alexander Burmistrov wins face-off versus Chris Tierney in SAN JOSE Sharks zone.
16:25 of 1st period - Shot by Nick Shore.
16:25 of 1st period - Shot Misses the Net.
16:27 of 1st period - Shot by Nick Shore.
16:27 of 1st period - Stopped by Jaroslav Halak without a rebound.
16:28 of 1st period - Nick Schmaltz wins face-off versus Patrick Kane in SAN JOSE Sharks zone.
16:28 of 1st period - Nick Schmaltz is hit by Teuvo Teravainen.
17:03 of 1st period - Shot by Patrick Kane.
17:03 of 1st period - Shot Blocked by Radko Gudas.
17:05 of 1st period - Shot by Brian Dumoulin.
17:05 of 1st period - Deflect By Patrick Kane.
17:05 of 1st period - Stopped by Jaroslav Halak without a rebound.
17:06 of 1st period - Devin Shore wins face-off versus William Nylander in SAN JOSE Sharks zone.
17:13 of 1st period - Shot by Mason Raymond.
17:13 of 1st period - Shot Misses the Net.
17:19 of 1st period - Brent Seabrook is hit by Lauri Korpikoski and loses puck.
17:23 of 1st period - Minor Penalty to Devin Shore for Tripping.
17:24 of 1st period - Josh Anderson wins face-off versus Patrick Kane in SAN JOSE Sharks zone.
17:40 of 1st period - Icing by Jonathan Toews.
17:41 of 1st period - Josh Anderson wins face-off versus Patrick Kane in CHICAGO Blackhawks zone.
17:44 of 1st period - Shot by Josh Anderson.
17:44 of 1st period - Shot Blocked by Aaron Ekblad.
18:48 of 1st period - Shot by Mike Matheson.
18:48 of 1st period - Stopped by Corey Crawford without a rebound.
18:49 of 1st period - Kevin Hayes wins face-off versus Josh Anderson in CHICAGO Blackhawks zone.
19:53 of 1st period - Shot by Sven Baertschi.
19:53 of 1st period - Stopped by Corey Crawford without a rebound.
19:54 of 1st period - Kevin Hayes wins face-off versus Devin Shore in CHICAGO Blackhawks zone.
Goals for this period are 0 for SAN JOSE Sharks vs 1 for CHICAGO Blackhawks.
Shots for this period are 8 for SAN JOSE Sharks vs 6 for CHICAGO Blackhawks.

2nd period


0:01 of 2nd period - Nick Schmaltz wins face-off versus Patrick Kane in neutral zone.
0:03 of 2nd period - Josh Anderson is hit by Jonathan Toews and loses puck.
0:10 of 2nd period - Brayden McNabb is hit by Jonathan Toews and loses puck.
0:15 of 2nd period - Shot by Patrick Kane.
0:15 of 2nd period - Deflect By Jonathan Toews.
0:15 of 2nd period - Stopped by Jaroslav Halak without a rebound.
0:16 of 2nd period - Devin Shore wins face-off versus William Nylander in SAN JOSE Sharks zone.
0:26 of 2nd period - Shot by Kyle Palmieri.
0:26 of 2nd period - Stopped by Jaroslav Halak without a rebound.
0:27 of 2nd period - Nick Schmaltz wins face-off versus Teuvo Teravainen in SAN JOSE Sharks zone.
0:27 of 2nd period - Kyle Connor is hit by Jonathan Toews and loses puck.
1:30 of 2nd period - Shot by Eric Staal.
1:30 of 2nd period - Shot Misses the Net.
1:32 of 2nd period - Shot by Eric Staal.
1:32 of 2nd period - Shot Misses the Net.
1:38 of 2nd period - Shot by Eric Staal.
1:38 of 2nd period - Shot Misses the Net.
1:42 of 2nd period - Shot by William Nylander.
1:42 of 2nd period - Shot Misses the Net.
2:23 of 2nd period - Shot by Radko Gudas.
2:23 of 2nd period - Shot Misses the Net.
2:40 of 2nd period - Shot by Tom Wilson.
2:40 of 2nd period - Shot Misses the Net.
4:11 of 2nd period - Shot by Radko Gudas.
4:11 of 2nd period - Stopped by Corey Crawford without a rebound.
4:12 of 2nd period - William Nylander wins face-off versus John Mitchell in CHICAGO Blackhawks zone.
4:34 of 2nd period - Shot by Mike Matheson.
4:34 of 2nd period - Shot Misses the Net.
4:36 of 2nd period - Shot by John Mitchell.
4:36 of 2nd period - Stopped by Corey Crawford without a rebound.
4:37 of 2nd period - Jonathan Toews wins face-off versus Devin Shore in CHICAGO Blackhawks zone.
4:55 of 2nd period - Shot by Patrick Kane.
4:55 of 2nd period - Stopped by Jaroslav Halak without a rebound.
4:56 of 2nd period - William Nylander wins face-off versus Sven Baertschi in SAN JOSE Sharks zone.
4:59 of 2nd period - Shot by Eric Staal.
4:59 of 2nd period - Stopped by Jaroslav Halak without a rebound.
5:00 of 2nd period - Chris Tierney wins face-off versus Patrick Kane in SAN JOSE Sharks zone.
5:19 of 2nd period - Shot by Chris Tierney.
5:19 of 2nd period - Stopped by Corey Crawford without a rebound.
5:20 of 2nd period - William Nylander wins face-off versus Devin Shore in CHICAGO Blackhawks zone.
5:48 of 2nd period - Shot by Eric Staal.
5:48 of 2nd period - Stopped by Jaroslav Halak without a rebound.
5:49 of 2nd period - Chris Tierney wins face-off versus Patrick Kane in SAN JOSE Sharks zone.
6:21 of 2nd period - Shot by Jonathan Toews.
6:21 of 2nd period - Stopped by Jaroslav Halak without a rebound.
6:22 of 2nd period - Nick Schmaltz wins face-off versus William Nylander in SAN JOSE Sharks zone.
6:28 of 2nd period - Nick Schmaltz is hit by Josh Manson and loses puck.
6:43 of 2nd period - Shot by William Nylander.
6:43 of 2nd period - Shot Misses the Net.
6:45 of 2nd period - Shot by Josh Manson.
6:45 of 2nd period - Shot Blocked by Brayden McNabb.
6:47 of 2nd period - Shot by Josh Manson.
6:47 of 2nd period - Shot Misses the Net.
6:49 of 2nd period - Shot by Aaron Ekblad.
6:49 of 2nd period - Stopped by Jaroslav Halak without a rebound.
6:50 of 2nd period - Devin Shore wins face-off versus Patrick Kane in SAN JOSE Sharks zone.
6:50 of 2nd period - Devin Shore is hit by Jonathan Toews.
7:55 of 2nd period - Shot by Kyle Palmieri.
7:55 of 2nd period - Stopped by Jaroslav Halak with a rebound.
7:57 of 2nd period - Shot by Eric Staal.
7:57 of 2nd period - Shot Misses the Net.
8:08 of 2nd period - Shot by Eric Staal.
8:08 of 2nd period - Stopped by Jaroslav Halak without a rebound.
8:09 of 2nd period - Nick Schmaltz wins face-off versus Kevin Hayes in SAN JOSE Sharks zone.
8:16 of 2nd period - Shot by Nick Schmaltz.
8:16 of 2nd period - Shot Blocked by Tom Wilson.
8:18 of 2nd period - Shot by Nick Schmaltz.
8:18 of 2nd period - Stopped by Corey Crawford without a rebound.
8:19 of 2nd period - John Mitchell wins face-off versus William Nylander in CHICAGO Blackhawks zone.
8:28 of 2nd period - Shot by William Nylander.
8:28 of 2nd period - Shot Blocked by Brayden McNabb.
8:42 of 2nd period - Shot by Eric Staal.
8:42 of 2nd period - Shot Misses the Net.
8:52 of 2nd period - Shot by William Nylander.
8:52 of 2nd period - Stopped by Jaroslav Halak without a rebound.
8:53 of 2nd period - Nick Schmaltz wins face-off versus Patrick Kane in SAN JOSE Sharks zone.
8:59 of 2nd period - Nick Schmaltz is hit by Kevin Shattenkirk and loses puck.
9:20 of 2nd period - Shot by Patrick Kane.
9:20 of 2nd period - Stopped by Jaroslav Halak with a rebound.
9:22 of 2nd period - Shot by Teuvo Teravainen.
9:22 of 2nd period - Stopped by Jaroslav Halak without a rebound.
9:23 of 2nd period - Kevin Hayes wins face-off versus Chris Tierney in SAN JOSE Sharks zone.
9:46 of 2nd period - Shot by Chris Tierney.
9:46 of 2nd period - Stopped by Corey Crawford with a rebound.
10:03 of 2nd period - Shot by Will Butcher.
10:03 of 2nd period - Stopped by Jaroslav Halak without a rebound.
10:04 of 2nd period - Patrick Kane wins face-off versus Nick Schmaltz in SAN JOSE Sharks zone.
10:15 of 2nd period - Shot by Patrick Kane.
10:15 of 2nd period - Deflect By Jonathan Toews.
10:15 of 2nd period - Shot Misses the Net.
12:08 of 2nd period - Radko Gudas is hit by Brian Dumoulin and loses puck.
12:09 of 2nd period - Minor Penalty to Will Butcher for Roughing.
12:10 of 2nd period - Kyle Palmieri wins face-off versus Josh Anderson in CHICAGO Blackhawks zone.
12:10 of 2nd period - Kyle Palmieri is hit by Marcus Foligno.
12:36 of 2nd period - Shot by Nick Schmaltz.
12:36 of 2nd period - Shot Misses the Net.
12:38 of 2nd period - Shot by Brayden McNabb.
12:38 of 2nd period - Goal by Brayden McNabb - SAN JOSE Sharks : 1 - CHICAGO Blackhawks : 1.
12:39 of 2nd period - Chris Tierney wins face-off versus Patrick Kane in neutral zone.
12:49 of 2nd period - Shot by Teuvo Teravainen.
12:49 of 2nd period - Shot Misses the Net.
12:53 of 2nd period - Shot by Will Butcher.
12:53 of 2nd period - Stopped by Jaroslav Halak with a rebound.
12:55 of 2nd period - Shot by Patrick Kane.
12:55 of 2nd period - Stopped by Jaroslav Halak without a rebound.
12:56 of 2nd period - John Mitchell wins face-off versus Alexander Burmistrov in SAN JOSE Sharks zone.
13:27 of 2nd period - Shot by Brent Seabrook.
13:27 of 2nd period - Stopped by Jaroslav Halak with a rebound.
13:29 of 2nd period - Shot by Brent Seabrook.
13:29 of 2nd period - Shot Misses the Net.
14:15 of 2nd period - Teuvo Teravainen is hit by Kyle Connor and loses puck.
14:27 of 2nd period - Minor Penalty to Brian Dumoulin for Hooking.
14:28 of 2nd period - Kyle Palmieri wins face-off versus Chris Tierney in CHICAGO Blackhawks zone.
14:39 of 2nd period - Shot by Brayden McNabb.
14:39 of 2nd period - Shot Misses the Net.
14:53 of 2nd period - Shot by Kyle Connor.
14:53 of 2nd period - Deflect By Chris Tierney.
14:53 of 2nd period - Stopped by Corey Crawford without a rebound.
14:54 of 2nd period - Kyle Palmieri wins face-off versus Nick Schmaltz in CHICAGO Blackhawks zone.
15:31 of 2nd period - Marcus Foligno is hit by Brad Richardson and loses puck.
15:41 of 2nd period - Off-side.
15:42 of 2nd period - Chris Tierney wins face-off versus Kyle Palmieri in neutral zone.
16:06 of 2nd period - Minor Penalty to John Mitchell for Interference.
16:07 of 2nd period - Josh Anderson wins face-off versus Kevin Hayes in SAN JOSE Sharks zone.
16:15 of 2nd period - Icing by Brent Seabrook.
16:16 of 2nd period - Kevin Hayes wins face-off versus Josh Anderson in CHICAGO Blackhawks zone.
16:37 of 2nd period - Shot by Patrick Kane.
16:37 of 2nd period - Shot Blocked by Matt Tennyson.
16:58 of 2nd period - Off-side.
16:59 of 2nd period - Kevin Hayes wins face-off versus Chris Thorburn in neutral zone.
17:20 of 2nd period - Shot by Kevin Hayes.
17:20 of 2nd period - Shot Misses the Net.
17:26 of 2nd period - Shot by Will Butcher.
17:26 of 2nd period - Shot Blocked by Mike Matheson.
17:28 of 2nd period - Shot by Kevin Hayes.
17:28 of 2nd period - Shot Hit the Post.
17:55 of 2nd period - Shot by Patrick Kane.
17:55 of 2nd period - Stopped by Jaroslav Halak without a rebound.
17:56 of 2nd period - Patrick Kane wins face-off versus Josh Anderson in SAN JOSE Sharks zone.
18:01 of 2nd period - Shot by Kevin Shattenkirk.
18:01 of 2nd period - Shot Blocked by Brayden McNabb.
18:03 of 2nd period - Shot by Aaron Ekblad.
18:03 of 2nd period - Stopped by Jaroslav Halak without a rebound.
18:04 of 2nd period - Patrick Kane wins face-off versus Josh Anderson in SAN JOSE Sharks zone.
18:11 of 2nd period - Shot by Will Butcher.
18:11 of 2nd period - Shot Blocked by Radko Gudas.
18:19 of 2nd period - Shot by Alexander Burmistrov.
18:19 of 2nd period - Shot Blocked by Lauri Korpikoski.
18:21 of 2nd period - Shot by Nick Shore.
18:21 of 2nd period - Shot Misses the Net.
18:36 of 2nd period - Minor Penalty to Devin Shore for Hooking.
18:37 of 2nd period - Patrick Kane wins face-off versus Josh Anderson in SAN JOSE Sharks zone.
18:52 of 2nd period - Shot by Patrick Kane.
18:52 of 2nd period - Stopped by Jaroslav Halak with a rebound.
18:54 of 2nd period - Shot by Eric Staal.
18:54 of 2nd period - Stopped by Jaroslav Halak without a rebound.
18:55 of 2nd period - John Mitchell wins face-off versus Kevin Hayes in SAN JOSE Sharks zone.
19:27 of 2nd period - Shot by Aaron Ekblad.
19:27 of 2nd period - Shot Blocked by Matt Tennyson.
19:29 of 2nd period - Shot by Teuvo Teravainen.
19:29 of 2nd period - Shot Misses the Net.
19:31 of 2nd period - Shot by Kyle Palmieri.
19:31 of 2nd period - Stopped by Jaroslav Halak with a rebound.
19:33 of 2nd period - Shot by Kevin Hayes.
19:33 of 2nd period - Deflect By Kyle Palmieri.
19:33 of 2nd period - Shot Misses the Net.
19:35 of 2nd period - Shot by Aaron Ekblad.
19:35 of 2nd period - Stopped by Jaroslav Halak with a rebound.
Goals for this period are 1 for SAN JOSE Sharks vs 0 for CHICAGO Blackhawks.
Shots for this period are 7 for SAN JOSE Sharks vs 22 for CHICAGO Blackhawks.

3rd period


0:01 of 3rd period - Josh Anderson wins face-off versus Patrick Kane in neutral zone.
0:12 of 3rd period - Shot by John Mitchell.
0:12 of 3rd period - Stopped by Corey Crawford with a rebound.
0:24 of 3rd period - Shot by Josh Anderson.
0:24 of 3rd period - Stopped by Corey Crawford without a rebound.
0:25 of 3rd period - Kevin Hayes wins face-off versus Chris Tierney in CHICAGO Blackhawks zone.
0:55 of 3rd period - Kyle Connor is hit by Aaron Ekblad and loses puck.
2:42 of 3rd period - Oliver Kylington is hit by Brian Dumoulin and loses puck.
2:56 of 3rd period - Devin Shore is hit by Brian Dumoulin and loses puck.
3:04 of 3rd period - Kyle Palmieri is hit by Devin Shore.
3:10 of 3rd period - Shot by Devin Shore.
3:10 of 3rd period - Shot Blocked by Will Butcher.
3:12 of 3rd period - Shot by Lauri Korpikoski.
3:12 of 3rd period - Shot Misses the Net.
3:29 of 3rd period - Icing by Brayden McNabb.
3:30 of 3rd period - Kevin Hayes wins face-off versus Devin Shore in SAN JOSE Sharks zone.
3:30 of 3rd period - Josh Manson is hit by Brayden McNabb and loses puck.
3:53 of 3rd period - Oliver Kylington is hit by Tom Wilson and loses puck.
3:54 of 3rd period - Minor Penalty to Tom Wilson for Roughing.
3:55 of 3rd period - Chris Tierney wins face-off versus Alexander Burmistrov in CHICAGO Blackhawks zone.
5:13 of 3rd period - Aaron Ekblad is hit by John Mitchell and loses puck.
5:28 of 3rd period - Shot by Josh Anderson.
5:28 of 3rd period - Shot Misses the Net.
5:30 of 3rd period - Shot by Radko Gudas.
5:30 of 3rd period - Stopped by Corey Crawford with a rebound.
5:32 of 3rd period - Shot by Radko Gudas.
5:32 of 3rd period - Deflect By Josh Anderson.
5:32 of 3rd period - Shot Misses the Net.
5:34 of 3rd period - Shot by Josh Anderson.
5:34 of 3rd period - Shot Misses the Net.
5:46 of 3rd period - Shot by Josh Anderson.
5:46 of 3rd period - Stopped by Corey Crawford without a rebound.
5:47 of 3rd period - Eric Staal wins face-off versus Marcus Foligno in CHICAGO Blackhawks zone.
6:00 of 3rd period - Shot by Devin Shore.
6:00 of 3rd period - Shot Misses the Net.
6:05 of 3rd period - Icing by Kevin Shattenkirk.
6:06 of 3rd period - Teuvo Teravainen wins face-off versus Devin Shore in CHICAGO Blackhawks zone.
6:19 of 3rd period - Shot by Lauri Korpikoski.
6:19 of 3rd period - Deflect By Mason Raymond.
6:19 of 3rd period - Stopped by Corey Crawford without a rebound.
6:20 of 3rd period - Alexander Burmistrov wins face-off versus Chris Tierney in CHICAGO Blackhawks zone.
6:27 of 3rd period - Shot by Devante Smith-Pelly.
6:27 of 3rd period - Stopped by Jaroslav Halak without a rebound.
6:28 of 3rd period - Devin Shore wins face-off versus Teuvo Teravainen in SAN JOSE Sharks zone.
6:37 of 3rd period - Brent Seabrook is hit by Lauri Korpikoski and loses puck.
7:23 of 3rd period - Icing by Kevin Shattenkirk.
7:24 of 3rd period - Patrick Kane wins face-off versus Nick Schmaltz in CHICAGO Blackhawks zone.
7:31 of 3rd period - Icing by Nick Schmaltz.
7:32 of 3rd period - William Nylander wins face-off versus Nick Schmaltz in SAN JOSE Sharks zone.
8:07 of 3rd period - Shot by Josh Anderson.
8:07 of 3rd period - Shot Blocked by Eric Staal.
8:30 of 3rd period - Icing by Josh Gorges.
8:31 of 3rd period - Alexander Burmistrov wins face-off versus Nick Schmaltz in SAN JOSE Sharks zone.
8:34 of 3rd period - Shot by Devante Smith-Pelly.
8:34 of 3rd period - Shot Blocked by Radko Gudas.
9:36 of 3rd period - Will Butcher is hit by Brayden McNabb and loses puck.
9:44 of 3rd period - Icing by Brayden McNabb.
9:45 of 3rd period - Patrick Kane wins face-off versus John Mitchell in SAN JOSE Sharks zone.
9:45 of 3rd period - Kevin Shattenkirk is hit by Brayden McNabb and loses puck.
10:07 of 3rd period - Shot by Jonathan Toews.
10:07 of 3rd period - Stopped by Jaroslav Halak without a rebound.
10:08 of 3rd period - William Nylander wins face-off versus Devin Shore in SAN JOSE Sharks zone.
10:12 of 3rd period - Icing by Oliver Kylington.
10:13 of 3rd period - Devin Shore wins face-off versus William Nylander in SAN JOSE Sharks zone.
10:27 of 3rd period - Icing by William Nylander.
10:28 of 3rd period - Chris Tierney wins face-off versus William Nylander in CHICAGO Blackhawks zone.
10:34 of 3rd period - Sven Baertschi is hit by Josh Manson and loses puck.
10:43 of 3rd period - Shot by Chris Tierney.
10:43 of 3rd period - Goal by Chris Tierney - SAN JOSE Sharks : 2 - CHICAGO Blackhawks : 1.
10:44 of 3rd period - Nick Schmaltz wins face-off versus Patrick Kane in neutral zone.
10:53 of 3rd period - Shot by Kyle Connor.
10:53 of 3rd period - Shot Misses the Net.
10:55 of 3rd period - Shot by Nick Schmaltz.
10:55 of 3rd period - Shot Misses the Net.
10:57 of 3rd period - Shot by Brayden McNabb.
10:57 of 3rd period - Goal by Brayden McNabb - SAN JOSE Sharks : 3 - CHICAGO Blackhawks : 1.
10:58 of 3rd period - William Nylander wins face-off versus Chris Tierney in neutral zone.
11:00 of 3rd period - Eric Staal is hit by Oliver Kylington and loses puck.
11:13 of 3rd period - Shot by Kyle Palmieri.
11:13 of 3rd period - Shot Misses the Net.
11:15 of 3rd period - Shot by Josh Manson.
11:15 of 3rd period - Goal by Josh Manson - SAN JOSE Sharks : 3 - CHICAGO Blackhawks : 2.
11:16 of 3rd period - Nick Schmaltz wins face-off versus Patrick Kane in neutral zone.
11:35 of 3rd period - Shot by Josh Anderson.
11:35 of 3rd period - Shot Blocked by Kevin Shattenkirk.
11:37 of 3rd period - Shot by Josh Gorges.
11:37 of 3rd period - Stopped by Corey Crawford with a rebound.
11:39 of 3rd period - Shot by Radko Gudas.
11:39 of 3rd period - Stopped by Corey Crawford without a rebound.
11:40 of 3rd period - Chris Tierney wins face-off versus William Nylander in CHICAGO Blackhawks zone.
11:49 of 3rd period - Shot by Sven Baertschi.
11:49 of 3rd period - Stopped by Corey Crawford with a rebound.
12:09 of 3rd period - Shot by Eric Staal.
12:09 of 3rd period - Stopped by Jaroslav Halak without a rebound.
12:10 of 3rd period - Patrick Kane wins face-off versus Nick Schmaltz in SAN JOSE Sharks zone.
12:15 of 3rd period - Icing by Radko Gudas.
12:16 of 3rd period - Nick Schmaltz wins face-off versus Patrick Kane in SAN JOSE Sharks zone.
12:21 of 3rd period - Shot by Jonathan Toews.
12:21 of 3rd period - Stopped by Jaroslav Halak without a rebound.
12:22 of 3rd period - Nick Schmaltz wins face-off versus Patrick Kane in SAN JOSE Sharks zone.
12:22 of 3rd period - Nick Schmaltz is hit by Teuvo Teravainen.
12:48 of 3rd period - Shot by Patrick Kane.
12:48 of 3rd period - Stopped by Jaroslav Halak without a rebound.
12:49 of 3rd period - Kevin Hayes wins face-off versus Chris Tierney in SAN JOSE Sharks zone.
13:00 of 3rd period - Icing by Josh Manson.
13:01 of 3rd period - Kevin Hayes wins face-off versus Devin Shore in CHICAGO Blackhawks zone.
14:04 of 3rd period - Shot by Teuvo Teravainen.
14:04 of 3rd period - Shot Misses the Net.
14:06 of 3rd period - Shot by Jonathan Toews.
14:06 of 3rd period - Shot Misses the Net.
14:14 of 3rd period - Shot by Jonathan Toews.
14:14 of 3rd period - Stopped by Jaroslav Halak without a rebound.
14:15 of 3rd period - William Nylander wins face-off versus Nick Schmaltz in SAN JOSE Sharks zone.
14:18 of 3rd period - Shot by Kyle Palmieri.
14:18 of 3rd period - Stopped by Jaroslav Halak without a rebound.
14:19 of 3rd period - William Nylander wins face-off versus Nick Schmaltz in SAN JOSE Sharks zone.
14:28 of 3rd period - Shot by Eric Staal.
14:28 of 3rd period - Stopped by Jaroslav Halak without a rebound.
14:29 of 3rd period - Chris Tierney wins face-off versus Patrick Kane in SAN JOSE Sharks zone.
14:29 of 3rd period - Chris Tierney is hit by Teuvo Teravainen.
15:16 of 3rd period - Icing by Brent Seabrook.
15:17 of 3rd period - Nick Schmaltz wins face-off versus Patrick Kane in CHICAGO Blackhawks zone.
15:18 of 3rd period - Shot by Kyle Connor.
15:18 of 3rd period - Stopped by Corey Crawford without a rebound.
15:19 of 3rd period - William Nylander wins face-off versus Nick Schmaltz in CHICAGO Blackhawks zone.
15:47 of 3rd period - Minor Penalty to Josh Manson for Tripping.
15:48 of 3rd period - Kyle Palmieri wins face-off versus Chris Tierney in CHICAGO Blackhawks zone.
16:08 of 3rd period - Icing by Kyle Connor.
16:09 of 3rd period - Chris Tierney wins face-off versus Kyle Palmieri in SAN JOSE Sharks zone.
17:27 of 3rd period - Off-side.
17:28 of 3rd period - Chris Tierney wins face-off versus Kyle Palmieri in neutral zone.
19:00 of 3rd period - CHICAGO Blackhawks, Corey Crawford is pulled from the net.
19:23 of 3rd period - Matt Tennyson is hit by Devante Smith-Pelly.
19:56 of 3rd period - Shot by Kyle Palmieri.
19:56 of 3rd period - Shot Misses the Net.
19:58 of 3rd period - Shot by Kyle Palmieri.
19:58 of 3rd period - Shot Misses the Net.
Goals for this period are 2 for SAN JOSE Sharks vs 1 for CHICAGO Blackhawks.
Shots for this period are 11 for SAN JOSE Sharks vs 9 for CHICAGO Blackhawks.